 Dungeon Crawl Stone Soup version 0.25-a0-294-gea9b1ad (webtiles) character file.

Game seed: 3132964230248986313, levelgen mode: deterministic

3766 EonDragon20 the Transmogrifier (level 10, 0/65 HPs)
             Began as a Merfolk Transmuter on Dec 17, 2019.
             Was an Initiate of Sif Muna.
             Slain by an orc warrior
             ... wielding a +2 short sword of holy wrath
              (8 damage)
             ... on level 7 of the Dungeon.
             The game lasted 00:26:21 (8609 turns).

EonDragon20 the Transmogrifier (Merfolk Transmuter) Turns: 8609, Time: 00:26:22

Health: 0/65       AC:  3    Str: 16    XL:     10   Next: 16%
Magic:  20/20      EV: 13    Int: 16    God:    Sif Muna [......]
Gold:   523        SH:  0    Dex: 14    Spells: 7/22 levels left

rFire    . . .     SeeInvis .     - Unarmed
rCold    . . .     Gourm    .   (no shield)
rNeg     . . .     Faith    .   b - +0 robe
rPois    .         Spirit   .   (no helmet)
rElec    .         Reflect  .   (no cloak)
rCorr    +         Harm     .   i - +0 pair of gloves (curse)
MR       .....                  (no boots)
Stlth    +.........             (no amulet)
HPRegen  0.20/turn              l - ring of resist corrosion
MPRegen  0.17/turn              y - +5 ring of strength

@: no status effects
A: change form in water, swift swim, stealthy swim
a: Renounce Religion


You were on level 7 of the Dungeon.
You worshipped Sif Muna.
Sif Muna was noncommittal.
You were very hungry.

You visited 2 branches of the dungeon, and saw 9 of its levels.

You collected 523 gold pieces.

Inventory:

Missiles
 a - 108 arrows
Armour
 b - a +0 robe (worn)
 i - a cursed +0 pair of gloves (worn)
Jewellery
 c - an uncursed ring of stealth
 l - a ring of resist corrosion (left hand)
 u - an uncursed ring of protection from fire
 y - a +5 ring of strength (right hand)
 C - an uncursed ring of poison resistance
Wands
 g - a wand of flame (23)
 r - a wand of iceblast (6)
Scrolls
 f - 3 scrolls of remove curse
 m - 2 scrolls of fear
 n - 2 scrolls of blinking
 p - 2 scrolls of magic mapping
 q - a scroll of immolation {unknown}
 t - a scroll of teleportation
 w - 12 scrolls of identify
 x - 2 scrolls of amnesia {unknown}
 A - 4 scrolls of fog {unknown}
 B - a scroll of enchant armour {unknown}
 D - 2 scrolls of random uselessness {unknown}
Potions
 e - a potion of lignification {unknown}
 h - 3 potions of heal wounds {unknown}
 j - 2 potions of magic {unknown}
 k - 2 potions of cancellation {unknown}
 o - 3 potions of curing {unknown}
 s - 2 potions of invisibility {unknown}
 v - a potion of might {unknown}
 z - 3 potions of brilliance {unknown}
Comestibles
 d - 13 rations


   Skills:
 - Level 1.1 Fighting
 - Level 2.6 Dodging
 + Level 8.5 Unarmed Combat
 + Level 6.8 Spellcasting
 * Level 13.0 Transmutations


You had 7 spell levels left.
You knew the following spells:

 Your Spells              Type           Power        Failure   Level  Hunger
a - Beastly Appendage     Tmut           #####.       1%          1    None
b - Sticks to Snakes      Tmut           #####...     1%          2    None
c - Spider Form           Tmut/Pois      ####......   2%          3    ##.....
d - Ice Form              Ice/Tmut       ####....     9%          4    ####...
e - Blade Hands           Tmut           #####.....   1%          5    #####..

Your spell library contained the following spells:

 Spells                   Type           Power        Failure   Level  Hunger
 Petrify                  Tmut/Erth      ####....     9%          4    ####...
 Confusing Touch          Hex            #.....       13%         1    None
 Yara's Violent Unravell  Hex/Tmut       ####......   24%         5    #####..
 Confuse                  Hex            #.......     36%         3    ##.....
 Gell's Gravitas          Tloc           #.........   36%         3    ##.....
 Metabolic Englaciation   Hex/Ice        #.........   98%         5    #####..


Dungeon Overview and Level Annotations

Branches:
Dungeon (8/15)             Temple (1/1) D:7
   Lair: D:8-11

Altars:
Ashenzari
Cheibriados
Elyvilon
Fedhas
Gozag
Kikubaaqudgha
Makhleb
Nemelex Xobeh
Okawaru
Qazlal
Ru
Sif Muna
Vehumet
Wu Jian
Xom
Yredelemnul


Message History

The water moccasin is no longer moving slowly.
Your transformation is almost over.
You feel sick. The water moccasin bites you.
* * * LOW HITPOINT WARNING * * *
You punch the water moccasin!
The water moccasin seems to slow down.
You freeze the water moccasin.
You kill the water moccasin!
Sif Muna accepts your kill.
Your Transmutations skill increases to level 13!
You feel sick.
You warm up again.
Your cursed +0 pair of gloves unmelds from your body.
Your +0 robe unmelds from your body.
You feel sick. The orc warrior barely misses you.
You feel sick.
There is an escape hatch in the ceiling, spattered with blood here.
You feel sick.
You are no longer poisoned.
The orc warrior hits you with a +2 short sword of holy wrath!
You die...

..#####............####......# #.
..# ##...........# #..#...## #.
..######...........###.......# #.
.......................#####.###.
....................)............
###...............##.......#.####
...........................#.###.
.........#######o........###..##>
..........#.....@.......#####.##.
#.............†#(.........###..#.
#............##.........#....#.#.
#.##.......#.............###.#...
...........###.........#.........
....>#.................#.....)...
.....#######.....................
###.####....(...........########.
..#.# #..#####.........## ##.


You could see an orc warrior.

Vanquished Creatures
  Grinder (D:3)
  A hippogriff (D:7)
  Sigmund (D:2)
  4 hogs (D:7)
  A human (D:7)
  A water moccasin (D:7)
  A sky beast (D:5)
  An ice beast (D:6)
  3 ogres
  A centaur (D:5)
  4 bullfrogs
  A gnoll sergeant (D:7)
  2 scorpions
  3 wights
  A howler monkey (D:7)
  3 crimson imps (D:7)
  A centaur zombie (D:7)
  4 hounds
  2 orc priests
  3 bullfrog skeletons
  2 centaur skeletons (D:7)
  2 jellies
  7 orc wizards
  A gnoll shaman (D:6)
  5 iguanas
  Natasha (thrice) (D:2)
  5 worker ants
  A hound skeleton (D:5)
  2 worker ant zombies
  11 adders
  6 gnolls
  2 shadow imps (D:5)
  5 oozes
  4 worms
  5 dart slugs
  5 leopard geckos
  27 orcs
  2 ball pythons
  2 giant cockroaches
  7 goblins
  2 hobgoblins (D:1)
  16 jackals
  A kobold (D:1)
  4 quokkas
  4 bats
  2 frilled lizards (D:3)
  2 jackal skeletons
  A leopard gecko zombie (D:5)
  3 rats
178 creatures vanquished.

Vanquished Creatures (collateral kills)
  A leopard gecko (D:3)
1 creature vanquished.

Grand Total: 179 creatures vanquished

Notes
Turn   | Place    | Note
-------+----------+-------------------------------------------
     0 | D:1      | EonDragon20 the Merfolk Transmuter began the quest for the
                  | Orb.
     0 | D:1      | Reached XP level 1. HP: 15/15 MP: 3/3
    59 | D:1      | Reached skill level 3 in Transmutations
    85 | D:1      | Reached XP level 2. HP: 19/21 MP: 3/5
    96 | D:1      | Learned a level 2 spell: Sticks to Snakes
   425 | D:1      | Reached XP level 3. HP: 26/26 MP: 4/6
   430 | D:1      | Learned a level 3 spell: Spider Form
   741 | D:2      | Reached skill level 4 in Transmutations
   768 | D:2      | Noticed Natasha
   778 | D:2      | Killed Natasha
   778 | D:2      | Reached XP level 4. HP: 20/32 MP: 0/7
   949 | D:2      | Noticed Natasha
   960 | D:2      | Killed Natasha
  1152 | D:2      | Noticed Sigmund
  1188 | D:3      | Noticed Grinder
  1189 | D:3      | Found a glowing drain.
  1385 | D:2      | Killed Sigmund
  1385 | D:2      | Reached skill level 6 in Transmutations
  1385 | D:2      | Reached XP level 5. HP: 25/37 MP: 6/9
  1385 | D:2      | Reached XP level 6. HP: 29/43 MP: 6/10
  1488 | D:2      | Noticed Natasha
  1500 | D:2      | Killed Natasha
  2577 | D:3      | Paralysed by Grinder for 2 turns
  2586 | D:3      | Killed Grinder
  2586 | D:3      | Reached skill level 5 in Unarmed Combat
  2586 | D:3      | Reached skill level 7 in Transmutations
  2586 | D:3      | Reached XP level 7. HP: 34/48 MP: 5/12
  3064 | D:3      | Learned a level 4 spell: Ice Form
  3349 | D:4      | Reached skill level 8 in Transmutations
  4227 | D:4      | Reached XP level 8. HP: 49/54 MP: 10/14
  4474 | D:5      | Entered Level 5 of the Dungeon
  4732 | D:5      | Reached skill level 9 in Transmutations
  4899 | D:5      | Reached skill level 5 in Spellcasting
  5401 | D:5      | Learned a level 5 spell: Blade Hands
  5499 | D:5      | Reached skill level 10 in Transmutations
  5908 | D:6      | Reached XP level 9. HP: 59/59 MP: 17/17
  6316 | D:6      | Reached skill level 11 in Transmutations
  7770 | D:7      | Reached skill level 12 in Transmutations
  7821 | D:7      | Found a staircase to the Ecumenical Temple.
  7827 | Temple   | Entered the Ecumenical Temple
  7982 | Temple   | Became a worshipper of Sif Muna the Loreminder
  8238 | D:7      | Reached XP level 10. HP: 56/65 MP: 15/20
  8528 | D:8      | Noticed a two-headed ogre
  8594 | D:7      | Reached skill level 13 in Transmutations
  8609 | D:7      | Slain by an orc warrior

Levels and vault maps discovered:
D:1:      wander_arrival_chamber, layout_loops_ring
D:2:      layout_basic, uniq_natasha, uniq_sigmund
D:3:      layout_rooms, gup_sewer_entry_glass, uniq_grinder
D:4:      layout_basic, first_ration
D:5:      layout_loops_ring, nicolae_overflow_hidden_temple
D:6:      layout_loops_cross
D:7:      layout_rooms, temple_green, grunt_livestock
D:8:      layout_basic, minmay_three_doors
Temple:   nicolae_temple_elliptical

Skill      XL: |  1  2  3  4  5  6  7  8  9 10 |
---------------+-------------------------------+-----
Transmutations | 3 4 6 7 8 10 12 13 | 13.0
Unarmed Combat | 4 5 6 8 |  8.5
Spellcasting   | 3 4 5 6 |  6.8
Fighting       | |  1.1
Dodging        | |  2.6

Action                   |  1- 3 |  4- 6 |  7- 9 | 10-12 || total
-------------------------+-------+-------+-------+-------++-------
Melee: Unarmed           |    63 |    94 |   362 |    13 ||   532
       Headbutt          |     5 |       |       |       ||     5
       Punch             |       |     1 |     6 |       ||     7
 Cast: Beastly Appendage |    11 |       |     1 |       ||    12
       Spider Form       |     1 |    13 |    26 |       ||    40
       Sticks to Snakes  |       |     2 |       |     1 ||     3
       Ice Form          |       |       |     5 |     1 ||     6
       Blade Hands       |       |       |    17 |       ||    17
  Use: Scroll            |     4 |     2 |     1 |       ||     7
       Potion            |       |       |     1 |       ||     1
 Stab: Sleeping          |       |     3 |     2 |       ||     5
  Eat: Chunk             |       |     7 |    27 |       ||    34
Armor: Robe              |    12 |    10 |    20 |       ||    42
       Skin              |       |     3 |    26 |     6 ||    35
Dodge: Dodged            |    45 |    86 |   266 |     9 ||   406

Table legend:
 A = Non-vault XP
 B = Vault XP
 C = Vault XP percentage of total XP
 D = Non-vault monster count
 E = Vault monster count
 F = Vault count percentage of total count
                 A         B        C        D         E       F
            +---------+---------+-------+---------+---------+-------
      Total |    3955 |    1426 |  26.5 |     167 |      12 |   6.7
            +---------+---------+-------+---------+---------+-------
        D:1 |      46 |       0 |   0.0 |      18 |       0 |   0.0
        D:2 |     105 |     259 |  71.2 |      11 |       2 |  15.4
        D:3 |     195 |     219 |  52.9 |      29 |       5 |  14.7
        D:4 |     444 |       0 |   0.0 |      21 |       0 |   0.0
        D:5 |     835 |       0 |   0.0 |      37 |       0 |   0.0
        D:6 |     945 |       0 |   0.0 |      24 |       0 |   0.0
        D:7 |    1382 |     948 |  40.7 |      26 |       5 |  16.1
        D:8 |       3 |       0 |   0.0 |       1 |       0 |   0.0
            +---------+---------+-------+---------+---------+-------
